 Dungeon Crawl Stone Soup version 0.26.0-41-g79a4fc7684 (webtiles) character file.

Game seed: 5246259729314415945

6869 thiole the Covert (level 11, -6/81 HPs)
             Began as an Octopode Hedge Wizard on Jan 27, 2021.
             Was an Initiate of Gozag.
             Splashed by an acid dragon's acid (12 damage)
             ... on level 10 of the Dungeon.
             The game lasted 00:38:14 (16219 turns).

thiole the Covert (Octopode Hedge Wizard)          Turns: 16219, Time: 00:38:15

Health: -6/81      AC: -5    Str: 10    XL:     11   Next: 6%
Magic:  0/18       EV: 14    Int: 22    God:    Gozag
Gold:   1904       SH: 13    Dex: 21    Spells: 10/18 levels left

rFire    . . .     SeeInvis +   h - +1 dagger (venom)
rCold    . . .     Faith    .   s - +2 buckler
rNeg     + . .     Spirit   +   b - +2 hat
rPois    .         Reflect  .   t - amulet of the Seven Violins {Spirit Int+3 Dex+3}
rElec    .         Harm     .   p - ring of see invisible
rCorr    .         Rampage  .   u - ring of positive energy
Will     .....                  C - +6 ring of dexterity
Stlth    ++++++....             (no ring)
HPRegen  0.23/turn              (no ring)
MPRegen  0.16/turn              (no ring)
                                (no ring)
                                (no ring)

@: corroded
A: almost no armour, stealthy swim, amphibious, 8 rings, constrict 8, large bone
plates 1, camouflage 1, high mp 1, wild magic 1, gelatinous body 1
a: Renounce Religion, Potion Petition, Call Merchant, Bribe Branch


You were on level 10 of the Dungeon.
You worshipped Gozag.
Gozag was most pleased with you.
You visited 1 branch of the dungeon, and saw 10 of its levels.

You collected 1946 gold pieces.
You paid 42 gold pieces to Gozag.

Inventory:

Hand Weapons
 a - a +0 dagger
 h - a +1 dagger of venom (weapon)
Missiles
 c - 40 poisoned darts (quivered)
Armour
 b - a +2 hat (worn)
 s - a +2 buckler (worn)
 A - a +0 kite shield
Jewellery
 j - an uncursed amulet of reflection
 p - a ring of see invisible (left tentacle)
 t - the amulet of the Seven Violins (around mantle) {Spirit Int+3 Dex+3}
   (You found it on level 9 of the Dungeon)

   [amulet of guardian spirit]

   It causes incoming damage to be split between your health and magic.
   It affects your intelligence (+3).
   It affects your dexterity (+3).
 u - a ring of positive energy (right tentacle)
 B - an uncursed amulet of magic regeneration
 C - a +6 ring of dexterity (on tentacle)
Wands
 g - a wand of iceblast (9)
 q - a wand of acid (1)
 E - a wand of polymorph (14)
 G - a wand of paralysis (3)
 H - a wand of enslavement (4)
Scrolls
 d - a scroll of vulnerability {unknown}
 e - a scroll of amnesia {unknown}
 f - 3 scrolls of blinking
 i - a scroll of identify
 l - 4 scrolls of magic mapping
 n - 4 scrolls of enchant weapon {unknown}
 o - 4 scrolls of teleportation {unknown}
 r - 3 scrolls of remove curse {unknown}
 w - 2 scrolls of fog {unknown}
 y - a scroll of silence {unknown}
 D - a scroll of summoning
 I - a scroll of noise {unknown}
Potions
 k - a potion of magic
 x - 2 potions of cancellation
 F - a potion of flight
Miscellaneous
 v - a phantom mirror


   Skills:
 * Level 9.9 Fighting
 - Level 2.0 Dodging
 * Level 11.5 Stealth
 + Level 9.1 Shields
 - Level 4.0 Spellcasting
 - Level 2.0 Conjurations
 - Level 2.0 Summonings
 - Level 1.0 Translocations
 - Level 2.0 Air Magic
 - Level 2.0 Poison Magic
 + Level 2.0 Evocations


You had 10 spell levels left.
You knew the following spells:

 Your Spells              Type           Power        Failure   Level
a - Magic Dart            Conj           68%          8%          1
b - Call Imp              Summ           17%          12%         2
c - Blink                 Tloc           N/A          16%         2
d - Mephitic Cloud        Conj/Pois/Air  17%          21%         3

Your spell library contained the following spells:

 Spells                   Type           Power        Failure   Level
 Searing Ray              Conj           34%          12%         2
 Slow                     Hex            5%           24%         2
 Conjure Flame            Conj/Fire      11%          30%         3
 Dazzling Flash           Conj/Hex       22%          30%         3
 Iskenderun's Mystic Bla  Conj/Tloc      14%          61%         4
 Fulminant Prism          Conj/Hex       5%           67%         4


Dungeon Overview and Level Annotations

Branches:
Dungeon (10/15)            Temple (0/1) D:4
   Lair: D:8-11         Orc: D:9-12

Altars:
Elyvilon
Gozag
Hepliaklqana
Okawaru
Qazlal
Ru
Sif Muna
Trog
Vehumet
Wu Jian
Zin
The Shining One

Shops:
D:4 [*   D:8 [   D:9 *


Innate Abilities, Weirdness & Mutations

You cannot wear most types of armour.
You are very stealthy in the water. (Stealth+)
You are amphibious.
You can wear up to eight rings at the same time.
You can use your tentacles to constrict eight enemies at once.
Your skin changes colour to match your surroundings (Stealth+).
Your rubbery body absorbs attacks. (AC +1, EV +1)
You are partially covered in large bone plates. (SH +4)
You have an increased reservoir of magic. (+10% MP)
Your spells are a little harder to cast, but a little more powerful.


Message History

Aiming: Enslavement
Press: ? - help, Shift-Dir - straight line, f/p - acid dragon
Aim: an acid dragon (moderately wounded, catching its breath, chance to affect: 51%)
The acid dragon resists with significant effort.
You block the wyvern's attack. The acid dragon closely misses you.
The acid dragon claws you. The wyvern misses you.
Your crimson imp closely misses the wyvern.
Aiming: Enslavement
Press: ? - help, Shift-Dir - straight line, f/p - acid dragon
Aim: an acid dragon (lightly wounded, catching its breath, chance to affect: 51%)
The acid dragon resists with significant effort.
The wyvern bites you!
* * * LOW HITPOINT WARNING * * *
The wyvern misses you. The acid dragon spits acid at you.
The splash of acid hits you!
* * * LOW HITPOINT WARNING * * *
The acid corrodes you!
You are splashed with acid!
You die...
Your body crumbles into a pile of gold.

# # ..#. ### $ .#...
###.. #.....#..# ###
.$.....D.##### ###..
..#...ll@....###
####..##
...###.l5......###.....#
. #.#.###.........### $
###.. #####.#####
#################
#............#
##+######............#
.....................##
.......................


You could see a komodo dragon, 2 wyverns, an acid dragon (catching breath) and a
friendly crimson imp (summoned).

Vanquished Creatures
  A two-headed ogre (D:8)
  2 trolls
  Grinder (D:4)
  A wyvern (D:8)
  5 yaks
  Grum (D:9)
  3 orc warriors
  4 ice beasts
  2 sky beasts
  A hornet zombie (D:8)
  3 phantoms
  2 ogres
  3 wolves
  5 centaurs
  A big kobold (D:8)
  A gnoll sergeant (D:9)
  A water moccasin zombie (D:9)
  4 bullfrogs
  A scorpion (D:10)
  A water moccasin skeleton (D:8)
  5 killer bees (D:10)
  4 wights (D:6)
  A howler monkey (D:8)
  2 bullfrog skeletons
  5 orc priests
  2 hounds (D:7)
  11 orc wizards
  3 centaur skeletons
  An iguana (D:9)
  13 worker ants
  Ijyb (D:3)
  A hound zombie (D:7)
  A howler monkey zombie (D:5)
  A worker ant zombie (D:9)
  6 adders
  4 gnolls (D:9)
  5 white imps
  An ooze (D:3)
  A worm (D:3)
  A dart slug (D:5)
  2 leopard geckos
  24 orcs
  2 ball pythons
  7 bats
  8 giant cockroaches
  16 goblins
  8 hobgoblins
  8 jackals
  7 quokkas
  4 frilled lizards
  A jackal skeleton (D:8)
  A jackal zombie (D:5)
  8 kobolds
  A leopard gecko skeleton (D:4)
  6 rats
215 creatures vanquished.

Vanquished Creatures (collateral kills)
  2 black bears
  A phantom (D:7)
  2 ogres
  A wolf (D:9)
  A centaur (D:7)
  2 bullfrogs
  A scorpion (D:4)
  A wight (D:6)
  A howler monkey (D:9)
  A bullfrog zombie (D:5)
  An orc wizard (D:10)
  A hound (D:9)
  A jelly (D:8)
  An iguana (D:7)
  A worker ant (D:6)
  A shadow imp (D:5)
  A white imp (D:7)
  A worm (D:5)
  An orc (D:7)
  2 jackals (D:8)
  4 kobolds (D:8)
  A quokka (D:7)
  A quokka zombie (D:7)
30 creatures vanquished.

Vanquished Creatures (others)
  A wizard (D:5)
  8 plants (D:10)
9 creatures vanquished.

Grand Total: 254 creatures vanquished

Notes
Turn   | Place    | Note
-------+----------+-------------------------------------------
     0 | D:1      | thiole the Octopode Hedge Wizard began the quest for the
                  | Orb.
     0 | D:1      | Reached XP level 1. HP: 11/11 MP: 4/4
   186 | D:1      | Reached XP level 2. HP: 17/17 MP: 0/6
   345 | D:1      | Reached skill level 3 in Stealth
   808 | D:1      | Reached XP level 3. HP: 18/21 MP: 7/7
  1200 | D:2      | Found a faded altar of an unknown god.
  1960 | D:3      | Noticed Ijyb
  1968 | D:3      | Reached XP level 4. HP: 22/27 MP: 3/9
  2030 | D:3      | HP: 2/40 [Ijyb (1)]
  2031 | D:3      | Killed Ijyb
  2032 | D:3      | Reached skill level 4 in Stealth
  2345 | D:3      | Found an opulent altar of Gozag.
  2351 | D:3      | Became a worshipper of Gozag Ym Sagoz the Greedy
  3205 | D:3      | Reached XP level 5. HP: 31/31 MP: 10/10
  3545 | D:3      | Learned a level 2 spell: Call Imp
  3548 | D:3      | Learned a level 2 spell: Blink
  3552 | D:3      | Learned a level 3 spell: Mephitic Cloud
  3635 | D:3      | Found a shimmering blue altar of Sif Muna.
  3997 | D:3      | Found a radiant altar of Vehumet.
  4169 | D:3      | Found a hazy altar of Hepliaklqana.
  4550 | D:4      | Noticed Grinder
  4565 | D:4      | Reached skill level 1 in Poison Magic
  4567 | D:4      | Paralysed by Grinder for 6 turns
  4573 | D:4      | Found Dicuako's Lightly-Used Armoury.
  4579 | D:4      | Killed Grinder
  4580 | D:4      | Reached skill level 5 in Stealth
  4580 | D:4      | Reached XP level 6. HP: 29/36 MP: 2/12
  4683 | D:4      | Found a staircase to the Ecumenical Temple.
  4820 | D:4      | Found a bloodstained altar of Trog.
  5080 | D:4      | Found a white marble altar of Elyvilon.
  5497 | D:4      | Found Oklilir's Antique Armour Boutique.
  5525 | D:5      | Entered Level 5 of the Dungeon
  5711 | D:5      | Reached XP level 7. HP: 41/41 MP: 11/13
  6126 | D:5      | Found a bloodstained altar of Trog.
  6128 | D:5      | Noticed a wizard
  6135 | D:5      | Killed a wizard
  6520 | D:5      | Reached skill level 5 in Shields
  7402 | D:6      | Reached XP level 8. HP: 15/46 MP: 14/14
  8873 | D:6      | Found a stormy altar of Qazlal.
  8876 | D:6      | Noticed an air elemental
  8876 | D:6      | Noticed a water elemental
  9939 | D:7      | Reached skill level 1 in Fighting
  9981 | D:7      | Reached XP level 9. HP: 33/55 MP: 1/15
 10148 | D:7      | Reached skill level 6 in Stealth
 10653 | D:7      | Found a glowing silver altar of Zin.
 10653 | D:7      | Found a glowing golden altar of the Shining One.
 10654 | D:7      | Found a white marble altar of Elyvilon.
 11110 | D:8      | Reached skill level 7 in Stealth
 11185 | D:8      | Found Sinipteeph's Antique Armour Shop.
 11190 | D:8      | Found a sacrificial altar of Ru.
 11191 | D:8      | Found an ornate altar of the Wu Jian Council.
 11192 | D:8      | Found an iron altar of Okawaru.
 11210 | D:8      | Reached skill level 5 in Fighting
 11706 | D:8      | Reached skill level 8 in Stealth
 13279 | D:9      | Found Dunteagh's Changing Room.
 13280 | D:9      | Noticed a troll
 13304 | D:9      | Killed a troll
 13305 | D:9      | Reached skill level 9 in Stealth
 13305 | D:9      | Reached XP level 10. HP: 71/71 MP: 9/16
 13371 | D:9      | Gained mutation: You are partially covered in large bone
                  | plates. (SH +4) [potion of mutation]
 13371 | D:9      | Gained mutation: You have an increased reservoir of magic.
                  | (+10% MP) [potion of mutation]
 13371 | D:9      | Gained mutation: Your spells are a little harder to cast,
                  | but a little more powerful. [potion of mutation]
 13403 | D:9      | Noticed Grum
 13716 | D:9      | Noticed a two-headed ogre
 14175 | D:8      | Killed a two-headed ogre
 14176 | D:8      | Reached skill level 10 in Stealth
 14420 | D:9      | Killed Grum
 15016 | D:9      | Got a pitted sapphire amulet
 15215 | D:9      | Identified the amulet of the Seven Violins {Spirit Int+3
                  | Dex+3} (You found it on level 9 of the Dungeon)
 15270 | D:10     | Entered Level 10 of the Dungeon
 15567 | D:10     | Reached skill level 11 in Stealth
 15567 | D:10     | Reached skill level 1 in Evocations
 15757 | D:10     | Reached XP level 11. HP: 34/81 MP: 2/18
 16219 | D:10     | Splashed by an acid dragon's acid

Illustrated notes

Levels and vault maps discovered:
D:1:      noname_arrival_rooms_in_the_neighbourhood, layout_basic,
          minmay_surrounded
D:2:      layout_rooms, chequers_ecumenical_altar_grove, minmay_tetromino_s2
D:3:      layout_basic, marbit_many_paths, nzn_hepliaklqana_mist_gate,
          lemuel_blue_sif_altar, nicolae_gozag_seed_capital, uniq_ijyb
D:4:      layout_loops_cross, old_standard_altar,
          minmay_temple_entry_stoned_glass, serial_shops, shop,
          kennysheep_nondescript, minmay_shop_damaged, minmay_liquid_box,
          elyvilon_altar_3, uniq_grinder
D:5:      layout_loops_corners, trog_wizard
D:6:      layout_basic, zaba_anthole, nicolae_qazlal_style_of_elements
D:7:      nicolae_whirlpool, layout_cave_pools, good_gods_temple_1
D:8:      layout_basic, grunt_temple_overflow_open, serial_shops, shop
D:9:      layout_cave_pools, nicolae_transmutations_shop, uniq_grum
D:10:     layout_irregular_city, erik_lair_dragon, serial_bayou,
          serial_bayou_ford_a, basic_altar

Skill      XL: |  1  2  3  4  5  6  7  8  9 10 11 |
---------------+----------------------------------+-----
Stealth        | 3 4 5 9 11 | 11.5
Conjurations   | 2 |  2.0
Summonings     | 2 |  2.0
Poison Magic   | 2 |  2.0
Shields        | 2 3 6 8 9 |  9.1
Spellcasting   | 4 |  4.0
Air Magic      | 2 |  2.0
Fighting       | 2 7 9 |  9.9
Evocations     | 1 2 |  2.0
Dodging        | |  2.0
Translocations | |  1.0

Action                   |  1- 3 |  4- 6 |  7- 9 | 10-12 || total
-------------------------+-------+-------+-------+-------++-------
Melee: Dagger            |    37 |    39 |   258 |   138 ||   472
       Constrict         |    11 |    12 |    51 |    24 ||    98
       Tentacles         |    11 |     9 |    50 |    32 ||   102
Throw: Dart              |    42 |    18 |       |       ||    60
 Cast: Magic Dart        |    75 |   109 |   160 |    77 ||   421
       Call Imp          |       |     7 |   104 |    36 ||   147
       Mephitic Cloud    |       |       |     8 |    14 ||    22
       Blink             |       |       |       |     1 ||     1
Evoke: Wand              |       |       |    19 |     8 ||    27
  Use: Scroll            |     1 |     4 |     9 |     5 ||    19
       Potion            |       |     2 |     1 |     5 ||     8
 Stab: Sleeping          |       |     2 |     7 |       ||     9
       Distracted        |       |       |     5 |     1 ||     6
       Confused          |       |       |     3 |     1 ||     4
       Paralysed         |       |       |     1 |     3 ||     4
Armor: Skin              |     6 |       |     9 |     9 ||    24
Dodge: Dodged            |    25 |    19 |    88 |    81 ||   213
Block: Other             |     4 |     2 |       |       ||     6
       Buckler           |       |    23 |   153 |   166 ||   342
       Reflection        |       |       |    10 |    12 ||    22
